 Dungeon Crawl Stone Soup version 0.30.1-11-g7821555f0a (webtiles) character file.

Game seed: 10488261716023091547

10978 Sinop the Grappler (level 11, -8/111 HPs)
             Began as a Troll Fighter on Oct 28, 2023.
             Was an Elder of Wu Jian.
             Mangled by a yak (14 damage)
             ... on level 10 of the Dungeon.
             The game lasted 00:46:51 (8622 turns).

Sinop the Grappler (Troll Fighter)                  Turns: 8622, Time: 00:46:52

Health: -8/111     AC:  7    Str: 26    XL:     11   Next: 43%
Magic:  10/10      EV: 10    Int:  8    God:    Wu Jian [****..]
Gold:   726        SH: 16    Dex:  9    Spells: 10/10 levels left

rFire   + +          .
                       - Unarmed
rCold   . . .        b - +1 kite shield
rNeg    . . .        a - +0 robe
rPois   +            y - +3 hat "Damnable Contraption" {rPois}
rElec   .            (no cloak)
rCorr   +            (gloves unavailable)
SInv    .            (boots unavailable)
Will    .....        g - amulet of Xoyse {Reflect rF+ SH+5}
Stlth   +            p - ring of resist corrosion
HPRegen 1.18/turn    r - ring of protection from fire
MPRegen 0.12/turn

%: reflection
@: no status effects
A: large, unfitting armour, claws 3, regeneration 1, shaggy fur 1, tough skin 1
a: Renounce Religion, Wall Jump, Serpent's Lash


You were on level 10 of the Dungeon.
You worshipped Wu Jian.
Wu Jian was greatly pleased with you.
You visited 2 branches of the dungeon, and saw 11 of its levels.
You also visited: Ossuary.

You collected 992 gold pieces.
You spent 266 gold pieces at shops.

Inventory:

Missiles
 D - a throwing net (quivered)
Armour
 a - a +0 robe (worn)
 b - a +1 kite shield (worn)
 y - the +3 hat "Damnable Contraption" (worn) {rPois}
   (You acquired it on level 6 of the Dungeon)

   rPois:     It protects you from poison.
 G - a scarf of shadows
Jewellery
 g - the amulet of Xoyse (around neck) {Reflect rF+ SH+5}
   (You acquired it on level 5 of the Dungeon)

   [amulet of reflection]

   It reflects blocked missile attacks.
   rF:        It protects you from fire.
   SH:        It affects your SH (+5).
 k - an amulet of regeneration
 p - a ring of resist corrosion (left claw)
 r - a ring of protection from fire (right claw)
 x - an amulet of reflection
 z - a ring of ice
Wands
 l - a wand of mindburst (2)
 s - a wand of iceblast (38)
 u - a wand of charming (2)
 E - a wand of flame (36)
Scrolls
 f - a scroll of teleportation
 n - a scroll of poison
 t - 4 scrolls of blinking
 A - a scroll of butterflies
 B - a scroll of amnesia
 C - 3 scrolls of fog
 F - 2 scrolls of identify
Potions
 c - 2 potions of might
 d - a potion of lignification {unknown}
 e - 3 potions of cancellation
 h - 5 potions of curing
 i - 3 potions of berserk rage
 j - 2 potions of haste
 m - a potion of brilliance {unknown}
 o - 3 potions of resistance
 q - 2 potions of flight {unknown}
 v - a potion of attraction {unknown}
 w - 2 potions of magic {unknown}
 H - a potion of heal wounds {unknown}


   Skills:
 + Level 8.0 Fighting
 + Level 5.7 Dodging
 + Level 8.8 Shields
 * Level 11.7 Unarmed Combat


You had 10 spell levels left.
You didn't know any spells.
Your spell library contained the following spells:

 Spells                   Type           Power      Damage    Failure   Level
 Beastly Appendage        Tmut           0%         N/A       58%         1
 Magic Dart               Conj           0%         1d3       58%         1
 Shock                    Conj/Air       0%         1d3       58%         1
 Summon Small Mammal      Summ           0%         N/A       58%         1
 Call Imp                 Summ           0%         N/A       75%         2
 Ensorcelled Hibernation  Hex/Ice        0%         N/A       75%         2
 Searing Ray              Conj           0%         2d4       75%         2
 Sublimation of Blood     Necr           0%         N/A       75%         2
 Wereblood                Tmut           0%         N/A       75%         2
 Call Canine Familiar     Summ           0%         N/A       92%         3
 Mephitic Cloud           Conj/Pois/Air  0%         N/A       92%         3
 Spider Form              Tmut/Pois      0%         N/A       92%         3
 Summon Guardian Golem    Hex/Summ       0%         N/A       92%         3
 Swiftness                Air            0%         N/A       92%         3
 Volatile Blastmotes      Fire/Tloc      0%         2d10      92%         3
 Airstrike                Air            0%         2d(0-16)  100%        4
 Anguish                  Hex/Necr       0%         N/A       100%        4
 Fulminant Prism          Conj/Hex       0%         3d5       100%        4
 Iskenderun's Mystic Bla  Conj/Tloc      0%         2d3       100%        4
 Leda's Liquefaction      Hex/Erth       0%         N/A       100%        4
 Petrify                  Tmut/Erth      0%         N/A       100%        4
 Irradiate                Conj/Tmut      0%         3d11      100%        5
 Lee's Rapid Deconstruct  Erth           0%         3d4*      100%        5
 Statue Form              Tmut/Erth      0%         N/A       100%        6


Dungeon Overview and Level Annotations

Branches:
Dungeon (10/15)            Temple (1/1) D:5            Lair (0/5) D:10
    Orc (0/2) D:9         Ossuary (visited)

Altars:
Ashenzari
Cheibriados
Dithmenos
Elyvilon
Fedhas
Gozag
Hepliaklqana
Kikubaaqudgha
Makhleb
Nemelex Xobeh
Okawaru
Qazlal
Ru
Sif Muna
Trog
Uskayaw
Vehumet
Wu Jian
Xom
Yredelemnul
Zin
The Shining One

Shops:
D:5 *

Annotations:
D:5 Blork the orc
D:7 Psyche
D:10 exclusion: oklob plant, Maurice


Innate Abilities, Weirdness & Mutations

You are too large for most types of armour.
You have claws for hands.
Your natural rate of healing is unusually fast.
You are covered in fur. (AC +1)
You have tough skin. (AC +1)


Message History

You block the vampire mosquito's attack.
The vampire mosquito attacks as you move away!
You block the vampire mosquito's attack.
The yak bellows!
A yak comes into view.
The vampire mosquito barely misses you.
The vampire mosquito closely misses you.
There is an open door here.
You closely miss the vampire mosquito.
The vampire mosquito is heavily damaged.
The vampire mosquito bites you.
* * * LOW HITPOINT WARNING * * *
The vampire mosquito draws strength from your injuries!
You block the vampire mosquito's attack.
Unknown command.
You claw the vampire mosquito!
You destroy the vampire mosquito!
The Council accepts your kill.
You block the vampire mosquito's attack.
The vampire mosquito bites you.
* * * LOW HITPOINT WARNING * * *
The vampire mosquito draws strength from your injuries!
You barely miss the vampire mosquito.
The vampire mosquito is moderately damaged.
You block the vampire mosquito's attack.
The yak gores you.
* * * LOW HITPOINT WARNING * * *
Unknown command.
You closely miss the vampire mosquito.
The vampire mosquito is moderately damaged.
You block the vampire mosquito's attack.
The vampire mosquito bites you.
* * * LOW HITPOINT WARNING * * *
The vampire mosquito draws strength from your injuries!
Unknown command.
You scratch the vampire mosquito.
The vampire mosquito is heavily damaged.
You block the vampire mosquito's attack.
The yak gores you!
You die...

.......... #.!.....#
.########. #.......# .#
#.......# .# #.......#
.########.. #†......#
...........###+###.......#
###'########.....#.......#
..........##....yY...†...#
..........##....@#.......#
..........##.....#.......#
..........##.....#Y......#
..........##.....#...c...#
..........##.....#...##..#
############.....#.Y.. ..#
....########.....#...Y...#
....#......†.....#.... ..#
....#............#


You could see a yak and a vampire mosquito.

Vanquished Creatures
  Josephine (D:10)
  2 two-headed ogres (D:9)
  Sonja (D:10)
  Joseph (D:8)
  A komodo dragon (D:10)
  3 hornets
  4 slime creatures (D:9)
  2 wyverns
  5 wraiths (D:10)
  3 steam dragons
  3 vampire mosquitoes (D:10)
  An acid dragon (D:9)
  6 water moccasins
  An ice beast (D:6)
  2 black bears
  6 orc warriors
  A sky beast (D:7)
  3 ogres
  2 centaurs (D:9)
  A phantom (D:5)
  3 kobold brigands
  4 bullfrogs
  A gnoll sergeant (D:9)
  4 scorpions
  8 wights
  A howler monkey (D:5)
  2 hounds
  6 jellies
  8 orc priests
  6 iguanas
  3 gnoll boudas
  A sleepcap (D:5)
  Ijyb (D:5)
  6 orc wizards
  2 mummies (Ossuary)
  19 gnolls
  14 adders
  2 shadow imps
  2 ufetubi (D:5)
  3 dart slugs
  56 orcs
  7 bats
  2 endoplasms
  3 giant cockroaches
  4 goblins
  4 hobgoblins
  7 jackals
  A quokka (D:1)
  9 ball pythons
  2 frilled lizards
  9 goblin zombies (Ossuary)
  2 hobgoblin zombies (Ossuary)
  20 kobolds
  3 orc zombies (Ossuary)
  8 rats
282 creatures vanquished.

Vanquished Creatures (others)
  An orc wizard (D:4)
  An orc (D:9)
2 creatures vanquished.

Grand Total: 284 creatures vanquished

Notes
Turn   | Place    | Note
-------+----------+-------------------------------------------
     0 | D:1      | Sinop the Troll Fighter began the quest for the Orb.
     0 | D:1      | Reached XP level 1. HP: 22/22 MP: 0/0
   125 | D:1      | Reached XP level 2. HP: 29/29 MP: 1/1
   702 | D:2      | Reached XP level 3. HP: 31/36 MP: 2/2
  1106 | D:2      | Reached XP level 4. HP: 45/45 MP: 3/3
  1182 | D:3      | Reached skill level 3 in Unarmed Combat
  1321 | D:3      | Found an opulent altar of Gozag.
  1653 | D:4      | Noticed a black bear
  1758 | D:5      | Entered Level 5 of the Dungeon
  1760 | D:5      | Identified the +0 ring mail of Divine Intervention {rPois
                  | Regen+}
  1769 | D:5      | Noticed a water moccasin
  1781 | D:5      | Killed a water moccasin
  1782 | D:5      | Reached XP level 5. HP: 24/54 MP: 4/4
  1839 | D:5      | Reached XP level 6. HP: 62/62 MP: 5/5
  1857 | D:5      | Reached skill level 4 in Unarmed Combat
  1873 | D:5      | Found Foacois's Assorted Antiques.
  1878 | D:5      | Noticed Blork the orc
  1939 | D:5      | Reached XP level 7. HP: 34/70 MP: 6/6
  2006 | D:5      | Reached skill level 5 in Shields
  2006 | D:5      | Reached skill level 5 in Unarmed Combat
  2041 | D:5      | Identified a scroll of acquirement
  2041 | D:5      | Acquired the amulet of Xoyse {Reflect rF+ SH+5}
  2289 | D:4      | Reached skill level 5 in Fighting
  2302 | D:4      | Reached XP level 8. HP: 49/80 MP: 7/7
  2493 | D:4      | Found a stormy altar of Qazlal.
  2493 | D:4      | Found a shimmering blue altar of Sif Muna.
  2780 | D:5      | Noticed Ijyb
  2787 | D:5      | Killed Ijyb
  2840 | D:5      | Bought a scroll labelled ZOTRAA DAISS for 20 gold pieces
  2840 | D:5      | Bought a potion of curing for 60 gold pieces
  2840 | D:5      | Bought a sedimented grey potion for 18 gold pieces
  2840 | D:5      | Bought a bubbling brown potion for 18 gold pieces
  2840 | D:5      | Bought a scroll of blinking for 150 gold pieces
  2962 | D:5      | Found a staircase to the Ecumenical Temple.
  2990 | Temple   | Entered the Ecumenical Temple
  3088 | Temple   | Became a worshipper of the Wu Jian Council
  3207 | D:5      | Reached skill level 6 in Unarmed Combat
  3284 | D:5      | Found an opulent altar of Gozag.
  3729 | D:6      | Reached skill level 7 in Unarmed Combat
  3831 | D:6      | Acquired the +3 hat "Damnable Contraption" {rPois}
  3880 | D:6      | Reached * piety under Wu Jian
  3998 | D:6      | Reached XP level 9. HP: 89/89 MP: 8/8
  4176 | D:7      | Found an iron altar of Okawaru.
  4248 | D:7      | Reached skill level 8 in Unarmed Combat
  5025 | D:7      | Reached ** piety under Wu Jian
  5026 | D:7      | Reached skill level 9 in Unarmed Combat
  5714 | D:8      | Noticed Psyche
  5728 | D:7      | Reached XP level 10. HP: 83/100 MP: 9/9
  5845 | D:8      | Found a sand-covered staircase.
  5900 | Ossuary  | Entered an ossuary
  5956 | Ossuary  | Reached *** piety under Wu Jian
  6098 | D:8      | Noticed Joseph
  6611 | D:9      | Noticed a two-headed ogre
  6616 | D:9      | Killed a two-headed ogre
  6714 | D:9      | Reached skill level 10 in Unarmed Combat
  6850 | D:9      | Found a staircase to the Orcish Mines.
  6988 | D:9      | Reached **** piety under Wu Jian
  7211 | D:9      | Noticed a two-headed ogre
  7221 | D:9      | Killed a two-headed ogre
  7254 | D:9      | Reached skill level 5 in Dodging
  7754 | D:8      | Killed Joseph
  7865 | D:10     | Entered Level 10 of the Dungeon
  7865 | D:10     | Noticed Sonja
  7873 | D:10     | Killed Sonja
  7874 | D:10     | Reached skill level 11 in Unarmed Combat
  7874 | D:10     | Reached XP level 11. HP: 100/109 MP: 10/10
  7977 | D:10     | Noticed an oklob plant
  8009 | D:10     | Found a staircase to the Lair.
  8368 | D:10     | Noticed Josephine
  8402 | D:10     | Killed Josephine
  8407 | D:10     | Noticed Maurice
  8621 | D:10     | HP: 5/111 [vampire mosquito (5)]
  8622 | D:10     | Mangled by a yak

Illustrated notes

Levels and vault maps discovered:
D:1:      dpeg_arrival_windows_large_door, layout_rooms,
          chequers_serial_rivers_micro_a, minmay_pentomino_t4
D:2:      layout_rooms, nicolae_half_adder
D:3:      layout_rooms, mainiacjoe_overflow_tiny_flanked, minivault_24,
          hangedman_feature_mirror, chequers_mini_garden
D:4:      layout_cave_pools, gammafunk_temple_overflow_elements, serial_park,
          serial_park_tiny_1, serial_park_square2, serial_park_square1
          [serial_park_minivault_5x5_1]
D:5:      layout_cave_pools, temple_pool_b, serial_shops, shop,
          hangedman_decor_clover_reticule, st_stairs_3, minmay_strange_pillars,
          minmay_ruined_shrine, uniq_ijyb, uniq_blork_the_orc
D:6:      layout_rooms, nicolae_elevator_lobby_asterisk
D:7:      kennysheep_six_static_rooms, layout_loops_corners,
          mainiacjoe_overflow_chevrons, minmay_increasing_density
D:8:      layout_loops_ring, nicolae_ossuary_entry_monument, uniq_joseph,
          uniq_psyche
D:9:      layout_loops_ring, hiddenorc2_lemuel
D:10:     layout_stronghold, dpeg_oklobed_lair, uniq_sonja, uniq_josephine,
          uniq_maurice
Temple:   regret_index_temple_mists

Skill      XL: |  1  2  3  4  5  6  7  8  9 10 11 |
---------------+----------------------------------+-----
Shields        | 3 4 5 6 7 8 |  8.8
Fighting       | 3 4 5 6 7 8 |  8.0
Unarmed Combat | 3 4 5 7 9 11 | 11.7
Dodging        | 3 5 |  5.7

Action                     |  1- 3 |  4- 6 |  7- 9 | 10-12 || total
---------------------------+-------+-------+-------+-------++-------
  Melee: Unarmed           |    88 |   106 |   381 |   383 ||   958
Ability: Lunge             |       |       |    18 |    51 ||    69
         Whirlwind         |       |       |     7 |    55 ||    62
  Evoke: Wand              |       |       |     2 |     8 ||    10
    Use: Scroll            |     3 |     6 |    13 |     4 ||    26
         Potion            |       |       |     3 |       ||     3
   Stab: Distracted        |       |       |     1 |       ||     1
         Sleeping          |       |       |     1 |       ||     1
 Armour: Robe              |    29 |    21 |    46 |    50 ||   146
  Dodge: Dodged            |    24 |    31 |    70 |    74 ||   199
  Block: Kite shield       |    33 |    43 |   228 |   234 ||   538
         Reflection        |       |       |     2 |    16 ||    18
